 Dungeon Crawl Stone Soup version 0.21.0-3-g78d12a8 (webtiles) character file.

6666 MDvedh the Martial Artist (level 11, -11/54 HPs)
             Began as a Vine Stalker Arcane Marksman on Jan 8, 2018.
             Was a Believer of Fedhas.
             Mangled by a hornet (12 damage)
             ... on level 8 of the Dungeon.
             The game lasted 00:18:29 (9316 turns).

MDvedh the Martial Artist (VSAM)                    Turns: 9316, Time: 00:18:30

Health: -11/54     AC:  8    Str: 13    XL:     11   Next: 3%
Magic:  0/14       EV: 13    Int: 13    God:    Fedhas [**....]
Gold:   442        SH:  0    Dex: 18    Spells: 11/12 levels left

rFire    . . .     SeeInvis .     - Unarmed
rCold    . . .     Gourm    .   (no shield)
rNeg     . . .     Faith    .   a - +1 ring mail
rPois    .         Spirit   +   l - +0 helmet
rElec    .         Reflect  .   (no cloak)
rCorr    +         Harm     .   (no gloves)
MR       +....                  (no boots)
Stlth    +.........             (no amulet)
HPRegen  0.58/turn              e - ring of resist corrosion
MPRegen  0.14/turn              (no ring)

@: lethally poisoned (-11 -> -15), slowed, very slow
A: fangs 3, regeneration 1, magic shield, antimagic bite, no potion heal 3, rot
immunity
a: Fungal Bloom, Evolution, Sunlight, Renounce Religion


You were on level 8 of the Dungeon.
You worshipped Fedhas.
Fedhas was pleased with you.
You were hungry.

You visited 1 branch of the dungeon, and saw 8 of its levels.
You also visited: Sewer.

You collected 442 gold pieces.

Inventory:

Missiles
 c - 5 javelins (quivered)
 d - 2 throwing nets
Armour
 a - a +1 ring mail (worn)
 l - a +0 helmet (worn)
Jewellery
 e - a ring of resist corrosion (left hand)
 u - an uncursed ring of see invisible {unknown}
 A - a +3 ring of strength {unknown}
Wands
 v - a wand of acid (5)
Scrolls
 g - 6 scrolls of identify
 i - a scroll of enchant armour
 n - a scroll of magic mapping
 w - a scroll of fear
 y - a scroll of teleportation
Potions
 h - 3 potions of flight {unknown}
 j - 4 potions of curing {unknown}
 k - 3 potions of heal wounds {unknown}
 m - 5 potions of brilliance
 o - 2 potions of ambrosia {unknown}
 p - a potion of berserk rage {unknown}
 q - 2 potions of lignification {unknown}
 r - 2 potions of agility {unknown}
 s - 2 potions of invisibility {unknown}
 x - 2 potions of haste
 z - a potion of cancellation {unknown}
Books
 b - a book of Debilitation

   Spells                             Type                      Level
   a - Corona                         Hexes                        1
   b - Slow                           Hexes                        2
   c - Inner Flame                    Hexes/Fire                   3
   d - Portal Projectile              Hexes/Translocation          3
   e - Cause Fear                     Hexes                        4
   f - Leda's Liquefaction            Hexes/Earth                  4
 t - a book of Misfortune

   Spells                             Type                      Level
   a - Confusing Touch                Hexes                        1
   b - Confuse                        Hexes                        3
   c - Gell's Gravitas                Translocation                3
   d - Petrify                        Transmutation/Earth          4
   e - Metabolic Englaciation         Hexes/Ice                    5
   f - Yara's Violent Unravelling     Hexes/Transmutation          5
Comestibles
 f - 16 rations


   Skills:
 - Level 4.7 Fighting
 - Level 1.7 Throwing
 - Level 4.2 Armour
 - Level 4.7 Dodging
 * Level 12.6 Unarmed Combat
 - Level 1.1 Spellcasting
 - Level 3.0 Hexes
 - Level 3.5 Invocations


You had 11 spell levels left.
You knew the following spells:

 Your Spells              Type           Power        Failure   Level  Hunger
a - Corona                Hex            #......      17%         1    ##.....


Dungeon Overview and Level Annotations

Branches:
Dungeon (8/15)             Temple (0/1) D:6
   Lair: D:8-11

Altars:
Cheibriados
Dithmenos
Fedhas
Qazlal
Sif Muna
Trog
Vehumet

Annotations:
D:3 Grinder
D:8 2 transporters


Innate Abilities, Weirdness & Mutations

You have razor-sharp teeth.
Your natural rate of healing is unusually fast.
When hurt, damage is shared between your health and your magic reserves.
Your bite disrupts and absorbs the magic of your enemies.
Potions cannot restore your health.
You are immune to rotting.


Message History

* * * LOW HITPOINT WARNING * * *
You feel yourself slow down.
You feel sick. The hornet stings you.
* * * LOW HITPOINT WARNING * * *
You shrug off the repeated paralysis!
The hornet stings you!
* * * LOW HITPOINT WARNING * * *
You feel as though you will be slow longer.
You can move again.
You miss the hornet. Your bite misses the hornet.
The hornet is severely wounded.
The hornet completely misses you.
Unknown command.
You hit the hornet. Your bite misses the hornet.
The hornet is almost dead.
You feel sick. The hornet stings you!
* * * LOW HITPOINT WARNING * * *
You are lethally poisoned!
You shrug off the repeated paralysis!
The hornet stings you!
You die...
Fedhas appreciates your contribution to the ecosystem.

#### ..# # #.# #####
#.##.#########...##
#......y@...#.....#######
#..#.######..............
#..#.# ###.....#######
#..#.# ##...## #...
#....# #.### #.## ##.###
#.# #.# #.# ##+## #.#
#..# ##...## #.# #.##
##.....## #.##


You could see a hornet.

Vanquished Creatures
  Erica (D:8)
  2 two-headed ogres
  Psyche (D:8)
  3 hippogriffs
  A wyvern (D:8)
  4 hogs
  A human (D:7)
  A water moccasin (D:5)
  2 sky beasts (D:5)
  An ice beast (D:5)
  2 orc warriors
  2 phantoms
  5 ogres
  A centaur (D:6)
  2 big kobolds
  Blork the orc (D:6)
  4 bullfrogs
  3 scorpions
  4 crimson imps
  A centaur zombie (D:6)
  2 quasits
  6 hounds
  A jelly (D:8)
  5 orc wizards
  4 iguanas
  4 worker ants
  A hound zombie (D:6)
  A hound skeleton (D:5)
  6 adders
  6 gnolls
  A river rat (Sewer)
  3 shadow imps
  An ooze (D:1)
  3 adder zombies
  An adder skeleton (D:5)
  A dart slug (D:1)
  4 worms
  6 leopard geckos
  24 orcs
  3 giant cockroaches
  3 goblins (D:3)
  4 hobgoblins (D:1)
  10 jackals
  3 quokkas
  2 ball pythons
  6 bats
  2 frilled lizards
  2 jackal skeletons
  15 kobolds
  A quokka zombie (D:6)
  8 rats
181 creatures vanquished.

Vanquished Creatures (collateral kills)
  Menkaure (D:6)
  An orc warrior (D:6)
  A phantom (D:6)
  A bullfrog (D:7)
  3 wights (D:6)
  An orc wizard (D:6)
  A leopard gecko (D:7)
9 creatures vanquished.

Vanquished Creatures (others)
  2 wandering mushrooms
  109 toadstools
111 creatures vanquished.

Grand Total: 301 creatures vanquished

Notes
Turn   | Place    | Note
-------+----------+-------------------------------------------
     0 | D:1      | MDvedh the Vine Stalker Arcane Marksman began the quest for the Orb.
     0 | D:1      | Reached XP level 1. HP: 9/9 MP: 3/3
   148 | D:1      | Reached skill level 1 in Fighting
   494 | D:1      | Reached XP level 2. HP: 11/14 MP: 4/4
   554 | D:1      | Reached skill level 1 in Unarmed Combat
  1011 | D:1      | Reached XP level 3. HP: 10/18 MP: 5/5
  1878 | D:1      | Reached skill level 1 in Armour
  2071 | D:2      | Reached skill level 2 in Unarmed Combat
  2213 | D:2      | Gained mutation: Your natural rate of healing is unusually fast. [Vine Stalker growth]
  2213 | D:2      | Reached XP level 4. HP: 12/22 MP: 6/6
  2692 | D:2      | Found a blossoming altar of Fedhas.
  2713 | D:2      | Noticed an oklob plant
  2720 | D:2      | Became a worshipper of Fedhas Madash
  2834 | D:3      | Noticed Grinder
  2917 | D:3      | Noticed an ogre
  3008 | D:3      | Found a bloodstained altar of Trog.
  3044 | D:3      | Killed an ogre
  3044 | D:3      | Reached XP level 5. HP: 17/26 MP: 5/7
  3074 | D:3      | Found a glowing drain.
  3097 | D:3      | Reached skill level 3 in Unarmed Combat
  3107 | Sewer    | Entered a sewer
  3203 | Sewer    | Noticed a big kobold
  3250 | Sewer    | Killed a big kobold
  3250 | Sewer    | Reached XP level 6. HP: 18/31 MP: 4/8
  3297 | Sewer    | Found a white marble altar of Elyvilon.
  3458 | D:3      | Paralysed by Grinder for 2 turns
  3737 | D:4      | Reached skill level 4 in Unarmed Combat
  3738 | D:4      | Noticed a phantom
  3827 | D:4      | Killed a phantom
  3827 | D:4      | Reached XP level 7. HP: 18/35 MP: 4/9
  4093 | D:4      | Found a radiant altar of Vehumet.
  4093 | D:4      | Found a snail-covered altar of Cheibriados.
  4162 | D:5      | Entered Level 5 of the Dungeon
  4223 | D:5      | Reached skill level 5 in Unarmed Combat
  4257 | D:5      | Reached * piety under Fedhas
  4482 | D:5      | Gained mutation: You have razor-sharp teeth. [Vine Stalker growth]
  4482 | D:5      | Reached XP level 8. HP: 39/40 MP: 10/10
  4531 | D:5      | Reached skill level 1 in Invocations
  5030 | D:5      | Found a shadowy altar of Dithmenos.
  5287 | D:5      | Reached skill level 6 in Unarmed Combat
  5350 | D:6      | Found a stormy altar of Qazlal.
  5512 | D:6      | Found a staircase to the Ecumenical Temple.
  5648 | D:6      | HP: 1/42 [orc warrior/battleaxe (13)]
  5746 | D:6      | Noticed Blork the orc
  5758 | D:6      | Killed Blork the orc
  5758 | D:6      | Reached XP level 9. HP: 41/45 MP: 11/11
  5772 | D:6      | Found a stormy altar of Qazlal.
  6205 | D:6      | Reached skill level 7 in Unarmed Combat
  6301 | D:6      | Noticed a two-headed ogre
  6314 | D:6      | Killed a two-headed ogre
  6545 | D:6      | Noticed Menkaure
  6556 | D:6      | Killed Menkaure
  6769 | D:7      | Reached skill level 8 in Unarmed Combat
  6945 | D:7      | Reached skill level 9 in Unarmed Combat
  7013 | D:7      | Reached ** piety under Fedhas
  7226 | D:7      | Reached XP level 10. HP: 51/51 MP: 13/13
  7376 | D:6      | Reached skill level 10 in Unarmed Combat
  8321 | D:8      | Noticed Psyche
  8327 | D:8      | Killed Psyche
  8411 | D:8      | Noticed a centaur warrior
  8412 | D:8      | Found a deep blue altar of Sif Muna.
  8437 | D:8      | Found a transporter.
  8443 | D:8      | Found a transporter.
  8454 | D:8      | Noticed Erica
  8471 | D:8      | Killed Erica
  8471 | D:8      | Reached skill level 11 in Unarmed Combat
  8754 | D:8      | Reached skill level 12 in Unarmed Combat
  8991 | D:8      | Noticed a two-headed ogre
  9009 | D:8      | Killed a two-headed ogre
  9155 | D:8      | Reached XP level 11. HP: 47/54 MP: 12/14
  9312 | D:8      | Paralysed by a hornet for 3 turns
  9316 | D:8      | HP: 1/54 [hornet (5)]
  9316 | D:8      | Mangled by a hornet

Skill      XL: |  1  2  3  4  5  6  7  8  9 10 |
---------------+-------------------------------+-----
Fighting       | 1 2 3 4 |  4.7
Unarmed Combat | 1 2 3 4 5 6 9 12 | 12.6
Dodging        | 2 3 4 |  4.7
Armour         | 1 2 3 4 |  4.2
Invocations    | 2 3 |  3.5
Throwing       | |  1.7
Spellcasting   | |  1.1
Hexes          | |  3.0

Action                   |  1- 3 |  4- 6 |  7- 9 | 10-12 || total
-------------------------+-------+-------+-------+-------++-------
Melee: Unarmed           |   222 |   235 |   387 |   189 ||  1033
       Bite              |    67 |    74 |   126 |    59 ||   326
       Punch             |     2 |     6 |    14 |     6 ||    28
Invok: Fungal Bloom      |       |     6 |    15 |    15 ||    36
       Evolution         |       |       |     1 |     1 ||     2
  Use: Scroll            |       |     6 |     3 |       ||     9
 Stab: Sleeping          |     1 |       |       |       ||     1
       Confused          |       |       |     2 |     1 ||     3
       Distracted        |       |       |       |     1 ||     1
  Eat: Ration            |     1 |     1 |     2 |       ||     4
       Chunk             |       |     3 |     4 |     7 ||    14
Armor: Robe              |    13 |       |       |       ||    13
       Ring mail         |    67 |    58 |   115 |    52 ||   292
       Leather armour    |     2 |       |       |       ||     2
Dodge: Dodged            |   143 |   113 |   205 |   134 ||   595
